 Dungeon Crawl Stone Soup version 0.30-a0-760-g5a9884bb7c (webtiles) character file.

Game seed: 9841174807760352971

4 vomit the Grave Robber (level 1, -2/14 HPs)
             Began as a Ghoul Necromancer on Feb 11, 2023.
             Slain by a jackal (3 damage)
             ... on level 1 of the Dungeon.
             The game lasted 00:00:55 (106 turns).

vomit the Grave Robber (Ghoul Necromancer)           Turns: 106, Time: 00:00:56

Health: -2/14      AC:  2    Str: 11    XL:     1   Next: 60%
Magic:  2/2        EV: 12    Int: 10    God:
Gold:   0          SH:  0    Dex:  9    Spells: 2/3 levels left

rFire   . . .      SeeInvis .    (no weapon)
rCold   + . .      Faith    .    (no shield)
rNeg    + + +      Spirit   .    a - +0 robe
rPois   ∞          Reflect  .    (no helmet)
rElec   .          Harm     .    (no cloak)
rCorr   .          Rampage  .    (no gloves)
Will    .....                    (no boots)
Stlth   ++                       (no amulet)
HPRegen 0.00/turn                (no ring)
MPRegen 0.08/turn                (no ring)

@: inhibited regen
A: claws 1, cold resistance 1, negative energy resistance 3, inhibited
regeneration, torment resistance 2, devour on kill
a: no special abilities


You were on level 1 of the Dungeon.
You visited 1 branch of the dungeon, and saw 1 of its levels.

Inventory:

Armour
 a - a +0 robe (worn)
Potions
 b - a potion of magic


   Skills:
 + Level 1.7 Dodging
 + Level 2.1 Stealth
 + Level 1.7 Spellcasting
 + Level 4.2 Necromancy


You had 2 spell levels left.
You knew the following spells:

 Your Spells              Type           Power      Damage    Failure   Level
a - Necrotise             Necr           36%        1d5       5%          1

Your spell library contained the following spells:

 Spells                   Type           Power      Damage    Failure   Level
 Vampiric Draining        Necr           9%         2d6       17%         3
 Animate Dead             Necr           9%         N/A       50%         4
 Agony                    Necr           9%         N/A       83%         5


Dungeon Overview and Level Annotations

Branches:
Dungeon (1/15)

Altars:


Innate Abilities, Weirdness & Mutations

You are immune to poison.
You have sharp fingernails.
Your flesh is cold resistant. (rC+)
You are immune to negative energy. (rN+++)
You do not regenerate when monsters are visible.
You are immune to unholy pain and torment.
You thrive by killing the living.


Message History

You see here a rat corpse.
The bat hits you but does no damage. The bat hits you but does no damage.
You miss the bat. The bat misses you. The bat hits you.
* * * LOW HITPOINT WARNING * * *
You scratch the bat.
You kill the bat!
You feel better. The jackal attacks as you move away!
The jackal closely misses you. x2
You scratch the jackal but do no damage.
The jackal bites you but does no damage.
You scratch the jackal but do no damage.
The jackal bites you but does no damage. x2
You scratch the jackal but do no damage.
The jackal closely misses you. The jackal bites you.
* * * LOW HITPOINT WARNING * * *
The rat attacks as you move away! The rat completely misses you.
You closely miss the jackal. The jackal barely misses you.
The rat barely misses you. The jackal closely misses you.
You scratch the jackal.
The jackal is almost dead.
The jackal bites you.
* * * LOW HITPOINT WARNING * * *
A quokka comes into view.
The jackal bites you but does no damage.
You barely miss the jackal.
The jackal is almost dead.
The jackal barely misses you.
You scratch the jackal.
You kill the jackal!
You scratch the jackal.
The jackal is severely wounded.
The jackal bites you but does no damage.
The jackal misses you.
You barely miss the jackal.
The jackal is severely wounded.
The jackal bites you.
You die...

####################
#r.@hr........†.....
......######).##########
...#+ ##'#####...## .
#....÷..#.'.
###########. ♣♣ ♣♣♣ #.
#+##################.
#....................
#....................


You could see a quokka, a jackal and a rat.

Vanquished Creatures
  A bat (D:1)
  A jackal (D:1)
  A goblin (D:1)
  A rat (D:1)
4 creatures vanquished.

Notes
Turn   | Place    | Note
-------+----------+-------------------------------------------
     0 | D:1      | vomit the Ghoul Necromancer began the quest for the Orb.
     0 | D:1      | Reached XP level 1. HP: 14/14 MP: 2/2
   106 | D:1      | Slain by a jackal

Illustrated notes

Levels and vault maps discovered:
D:1:      beargit_arrival_diablo_church, layout_rooms,
          shapermc_ecumenical_altar_mp_ritualfount, minmay_bisected

Action                     || total
---------------------------++-------
  Melee: Unarmed           ||    20
 Armour: Robe              ||    16
  Dodge: Dodged            ||    22

Table legend: (Time is in decaauts)
 A = Elapsed time spent in this place.
 B = Non-inter-level travel time spent in this place.
 C = Inter-level travel time spent in this place.
 D = Time resting spent in this place.
 E = Time spent auto-exploring this place.
 F = Levels seen in this place.
 G = Mean time per level.
                   A        B        C        D        E       F      G
               +--------+--------+--------+--------+--------+-----+--------+
         Total |    106 |     63 |     43 |      0 |      0 |   1 |  106.0 |
       Dungeon |    106 |     63 |     43 |      0 |      0 |   1 |  106.0 |
               +--------+--------+--------+--------+--------+-----+--------+

Top non-repeatable levels by time:
     D:1: 106 daAuts
